 Dungeon Crawl Stone Soup version 0.31-a0-846-gb3bcc0d938 (webtiles) character file.

Game seed: 9689039004081151414

130 Dirtsage the Chopper (level 5, -5/45 HPs)
             Began as a Hill Orc Fighter on Oct 3, 2023.
             Slain by an ogre
             ... wielding a +0 giant club
              (10 damage)
             ... on level 4 of the Dungeon.
             The game lasted 00:03:44 (3148 turns).

Dirtsage the Chopper (Hill Orc Fighter)             Turns: 3148, Time: 00:03:44

Health: -5/45      AC:  9    Str: 21    XL:     5   Next: 14%
Magic:  5/5        EV:  7    Int:  8    God:
Gold:   145        SH:  4    Dex: 10    Spells: 4/4 levels left

rFire   . . .        a - +0 war axe
rCold   . . .        c - +0 buckler
rNeg    . . .        k - +0 chain mail
rPois   .            (no helmet)
rElec   .            (no cloak)
rCorr   .            (no gloves)
SInv    .            (no boots)
Will    .....        (no amulet) Stlth
                     (no ring)
HPRegen 0.27/turn    (no ring)
MPRegen 0.09/turn

%: no passive effects
@: no status effects
A: no striking features
a: no special abilities


You were on level 4 of the Dungeon.
You visited 1 branch of the dungeon, and saw 4 of its levels.

You collected 145 gold pieces.

Inventory:

Hand Weapons
 a - a +0 war axe (weapon)
Missiles
 g - 2 boomerangs
 h - 5 curare-tipped darts
Armour
 b - a +0 scale mail
 c - a +0 buckler (worn)
 k - a +0 chain mail (worn)
 x - a +0 plate armour
Scrolls
 e - a scroll of noise {unknown}
 f - 4 scrolls of identify {unknown}
 i - a scroll of amnesia {unknown}
 l - 3 scrolls of vulnerability {unknown}
 s - a scroll of torment {unknown}
 t - 2 scrolls of teleportation
 v - a scroll of butterflies {unknown}
Potions
 d - a potion of might
 j - a potion of mutation {unknown}
 m - a potion of enlightenment {unknown}
 n - a potion of berserk rage {unknown}
 o - a potion of resistance {unknown}
 p - a potion of attraction {unknown}
 q - 2 potions of curing {unknown}
 r - a potion of heal wounds {unknown}
 u - a potion of cancellation {unknown}
 w - a potion of haste {unknown}


   Skills:
 - Level 3.6 Fighting
 + Level 6.8 Axes
 - Level 3.2 Armour
 - Level 3.2 Shields


You had 4 spell levels left.
You didn't know any spells.
Your spell library contained the following spells:

 Spells                   Type           Power      Damage    Failure   Level
 Foxfire                  Conj/Fire      0%         2x1d4     98%         1
 Magic Dart               Conj           0%         1d3       98%         1
 Searing Ray              Conj           0%         2d4       99%         2
 Summon Guardian Golem    Hex/Summ       0%         N/A       100%        3
 Fulminant Prism          Conj/Hex       0%         3d5       100%        4
 Plasma Beam              Fire/Air       0%         2x1d10    100%        6
 Starburst                Conj/Fire      0%         6d3       100%        6
 Orb of Destruction       Conj           0%         9d5       100%        7
 Spellforged Servitor     Conj/Summ      0%         N/A       100%        7


Dungeon Overview and Level Annotations

Branches:
Dungeon (4/15)
 Temple: D:4-7

Altars:
Hepliaklqana
Nemelex Xobeh


Message History

You hit the ogre.
The ogre is lightly wounded.
The ogre hits you with a +0 giant club!
You take 12 damage, and have 33/45 hp.
MASSIVE DAMAGE!!
You hit the ogre but do no damage.
The ogre is lightly wounded.
The ogre barely misses you.
Okay, then.
You hit the ogre.
The ogre is moderately wounded.
You hit the ogre.
The ogre is moderately wounded.
The ogre hits you with a +0 giant club.
You take 4 damage, and have 29/45 hp.
You barely miss the ogre.
The ogre is moderately wounded.
The ogre barely misses you.
Throw: 6 darts (curare)
Press: ? - help, Shift-Dir - straight line, f - ogre
Aim: an ogre, wielding a +0 giant club (moderately wounded, 70% to hit)
You throw a curare-tipped dart. The curare-tipped dart hits the ogre.
The ogre is poisoned.
The ogre convulses.
The ogre seems to slow down.
The ogre is heavily wounded.
You hit the ogre.
The ogre is heavily wounded.
The ogre hits you with a +0 giant club!!
* * * LOW HITPOINT WARNING * * *
You take 17 damage, and have 12/45 hp.
MASSIVE DAMAGE!!
You barely miss the ogre.
The ogre is heavily wounded.
The ogre hits you with a +0 giant club!
* * * LOW HITPOINT WARNING * * *
You take 8 damage, and have 4/45 hp.
You hit the ogre but do no damage.
The ogre is severely wounded.
You hit the ogre.
The ogre is almost dead.
The ogre hits you with a +0 giant club!
You die...

#...# ###.#.###
#...#...#####
####.#####......
.#.....#...#####
.#####.#.#.##### +######
.#..............
#...#.###O#########.#####
#.#.#...@# #.# #.#...##.#
#.# #.##...#.# #[#
##....#.#.# ###.#
#.###.#...# #...#
#...######+ ##.### #._.#
##...## #...#
######.#.#.#### #####
#.............#


You could see an ogre (very poisoned, slow).

Vanquished Creatures
  4 gnolls
  2 adders (D:2)
  3 worms
  A dart slug (D:2)
  2 orcs
  6 ball pythons
  6 endoplasms
  2 giant cockroaches (D:1)
  8 goblins
  3 hobgoblins
  5 jackals
  3 kobolds
  A quokka (D:1)
  7 bats
  A frilled lizard (D:1)
  4 rats
58 creatures vanquished.

Notes
Turn   | Place    | Note
-------+----------+-------------------------------------------
     0 | D:1      | Dirtsage the Hill Orc Fighter began the quest for the Orb.
     0 | D:1      | Reached XP level 1. HP: 19/19 MP: 1/1
    51 | D:1      | Reached skill level 3 in Axes
   247 | D:1      | Reached XP level 2. HP: 26/26 MP: 2/2
   317 | D:1      | Reached skill level 4 in Axes
   740 | D:1      | Reached XP level 3. HP: 29/31 MP: 3/3
  1005 | D:2      | Reached skill level 5 in Axes
  1275 | D:2      | Reached XP level 4. HP: 38/39 MP: 4/4
  1885 | D:3      | Found a hazy altar of Hepliaklqana.
  2091 | D:3      | Found a faded altar of an unknown god.
  2108 | D:3      | Reached skill level 6 in Axes
  2706 | D:4      | Noticed an ogre
  2712 | D:3      | Reached XP level 5. HP: 45/45 MP: 5/5
  3122 | D:4      | Found a sparkling altar of Nemelex Xobeh.
  3137 | D:4      | Noticed an ogre
  3148 | D:4      | Slain by an ogre

Illustrated notes

Levels and vault maps discovered:
D:1:      amcnicky_arrival_flooded_fountain, layout_loops_corners
D:2:      layout_loops_cross, columned_hall_lemuel, minmay_pentomino_p4
D:3:      layout_loops_corners, mainiacjoe_overflow_24_doors,
          shapermc_ecumenical_altar_mp_urbaneastern
D:4:      layout_loops_ring, mainiacjoe_overflow_swirl,
          chequers_temple_overflow_minitemple

Skill      XL: |  1  2  3  4 |
---------------+-------------+-----
Axes           | 3 4 5 6 |  6.8
Fighting       | |  3.6
Armour         | |  3.2
Shields        | |  3.2

Action                     |  1- 3 |  4- 6 || total
---------------------------+-------+-------++-------
  Melee: War axe           |    96 |   105 ||   201
  Throw: Dart              |       |     1 ||     1
    Use: Scroll            |       |     1 ||     1
 Armour: Scale mail        |    34 |       ||    34
         Chain mail        |    45 |    72 ||   117
  Dodge: Dodged            |    46 |    40 ||    86
  Block: Buckler           |    26 |    26 ||    52

Table legend: (Time is in decaauts)
 A = Elapsed time spent in this place.
 B = Non-inter-level travel time spent in this place.
 C = Inter-level travel time spent in this place.
 D = Time resting spent in this place.
 E = Time spent auto-exploring this place.
 F = Levels seen in this place.
 G = Mean time per level.
                   A        B        C        D        E       F      G
               +--------+--------+--------+--------+--------+-----+--------+
         Total |   3202 |   3092 |    110 |    118 |   2525 |   4 |  800.5 |
       Dungeon |   3202 |   3092 |    110 |    118 |   2525 |   4 |  800.5 |
               +--------+--------+--------+--------+--------+-----+--------+

Top non-repeatable levels by time:
     D:3: 1040 daAuts
     D:1: 932 daAuts
     D:2: 835 daAuts
     D:4: 394 daAuts
